 Dungeon Crawl Stone Soup version 0.29.1-12-g30fa7ad0bf (webtiles) character file.

Game seed: 6658390850310952972

430 wormed the Caller (level 6, 0/44 HPs)
             Began as a Gnoll Summoner on Dec 26, 2022.
             Succumbed to Duvessa's poison
             ... on level 4 of the Dungeon.
             The game lasted 00:10:37 (4875 turns).

wormed the Caller (Gnoll Summoner)                  Turns: 4875, Time: 00:10:37

Health: 0/44       AC:  6    Str:  7    XL:     6   Next: 99%
Magic:  12/14      EV: 13    Int: 17    God:
Gold:   177        SH:  0    Dex: 12    Spells: 12/16 levels left

rFire   + . .      SeeInvis .   t - +2 spear (freeze)
rCold   + . .      Faith    .   (no shield)
rNeg    . . .      Spirit   .   d - +0 leather armour
rPois   .          Reflect  .   l - +0 helmet
rElec   .          Harm     .   q - scarf {rC+ rF+}
rCorr   .          Rampage  .   s - +1 pair of gloves
Will    .....                   (no boots)
Stlth   ++........              (no amulet)
HPRegen 0.14/turn               (no ring)
MPRegen 0.14/turn               (no ring)

@: lethally poisoned (0 -> -28)
A: fangs 1, strong nose, distributed training
a: no special abilities


You were on level 4 of the Dungeon.
You visited 1 branch of the dungeon, and saw 4 of its levels.

You collected 177 gold pieces.

Inventory:

Hand Weapons
 t - a +2 spear of freezing (weapon)
Armour
 a - a +0 robe
 d - a +0 leather armour (worn)
 l - a +0 helmet (worn)
 q - a scarf of resistance (worn)
 s - a +1 pair of gloves (worn)
Scrolls
 e - a scroll of acquirement {unknown}
 h - 2 scrolls of poison {unknown}
 k - 2 scrolls of teleportation {unknown}
 m - a scroll of silence {unknown}
 n - a scroll of vulnerability {unknown}
 p - a scroll of enchant weapon {unknown}
 r - a scroll of noise {unknown}
Potions
 b - a potion of attraction {unknown}
 c - a potion of haste {unknown}
 f - a potion of invisibility {unknown}
 g - a potion of brilliance {unknown}
 i - a potion of curing {unknown}


   Skills:
 + Level 2.2 Fighting
 + Level 2.2 Short Blades
 + Level 2.2 Long Blades
 + Level 2.2 Axes
 + Level 2.2 Maces & Flails
 + Level 2.2 Polearms
 + Level 2.2 Staves
 + Level 2.2 Ranged Weapons
 + Level 2.2 Throwing
 + Level 2.2 Armour
 + Level 5.1 Dodging
 + Level 4.8 Stealth
 + Level 2.2 Shields
 + Level 2.2 Unarmed Combat
 + Level 5.5 Spellcasting
 + Level 1.8 Conjurations
 + Level 1.8 Hexes
 + Level 7.3 Summonings
 + Level 1.8 Necromancy
 + Level 1.8 Translocations
 + Level 1.8 Transmutations
 + Level 1.8 Fire Magic
 + Level 1.8 Ice Magic
 + Level 1.8 Air Magic
 + Level 1.8 Earth Magic
 + Level 1.8 Poison Magic
 + Level 2.5 Invocations
 + Level 2.2 Evocations


You had 12 spell levels left.
You knew the following spells:

 Your Spells              Type           Power      Damage    Failure   Level
a - Summon Small Mammal   Summ           100%       N/A       1%          1
b - Call Canine Familiar  Summ           29%        N/A       2%          3

Your spell library contained the following spells:

 Spells                   Type           Power      Damage    Failure   Level
 Call Imp                 Summ           29%        N/A       1%          2
 Summon Guardian Golem    Hex/Summ       20%        N/A       9%          3
 Magic Dart               Conj           44%        1d5       10%         1
 Searing Ray              Conj           22%        2d5       14%         2
 Dazzling Flash           Conj/Hex       22%        N/A       28%         3
 Summon Lightning Spire   Summ/Air       20%        N/A       28%         4
 Fulminant Prism          Conj/Hex       5%         3d7       67%         4
 Agony                    Necr           11%        N/A       95%         5
 Silence                  Hex/Air        5%         N/A       95%         5


Dungeon Overview and Level Annotations

Branches:
Dungeon (4/15)
 Temple: D:4-7

Altars:

Annotations:
D:4 Dowan, Duvessa


Innate Abilities, Weirdness & Mutations

You have very sharp teeth.
Your uncanny sense of smell can sniff out nearby items.
Your experience applies equally to all skills.


Message History

You are poisoned.
Dowan casts a spell.
Dowan blinks!
You feel very sick.
Casting: Call Canine Familiar (dangerous; 2% risk of failure)
Confirm with . or Enter, or press ? or * to list all spells.
You feel very sick.
Duvessa hits you with a +3 short sword of venom.
* * * LOW HITPOINT WARNING * * *
You are more poisoned.
Duvessa misses you. Duvessa attacks as you move away!
Duvessa barely misses you.
* * * LOW HITPOINT WARNING * * *
You feel very sick.
Your quokka bites Duvessa but does no damage.
Dowan gestures at you while chanting.
Your quokka is outlined in light.
You feel much better.
You feel very sick.
Duvessa hits you with a +3 short sword of venom.
You are more poisoned.
Your quokka completely misses Dowan.
Dowan closely misses your quokka. Duvessa barely misses you.
Magic courses through your body.
You feel very sick.
Your quokka misses Dowan.
Duvessa hits you with a +3 short sword of venom.
Dowan hits your quokka with a +0 dagger.
Casting: Summon Small Mammal (safe; 1% risk of failure)
Confirm with . or Enter, or press ? or * to list all spells.
* * * LOW HITPOINT WARNING * * *
You feel very sick. Duvessa completely misses you.
Your quokka barely misses Dowan.
Dowan hits your quokka with a +0 dagger.
Your quokka dies!
Your quokka's corpse disappears in a puff of smoke!
Duvessa hits you with a +3 short sword of venom!
* * * LOW HITPOINT WARNING * * *
You are more poisoned.
You die...

#.....# #. #.....#
#< #.....# #.
#.....# #########.
#.....# #.........
#...รท.#
#.######## #.....#
#.#
#....h##########.#
###.e.e.@........#
################


You could see Duvessa (fast), Dowan (ally target) and a friendly hound
(summoned).

Vanquished Creatures
  A water moccasin (D:3)
  A worm (D:4)
  A dart slug (D:1)
  An endoplasm (D:1)
  A giant cockroach (D:1)
  2 goblins
  A hobgoblin (D:2)
8 creatures vanquished.

Vanquished Creatures (collateral kills)
  An ogre (D:3)
  Blork the orc (D:4)
  Jessica (D:3)
  Robin (D:2)
  6 adders
  A worm (D:2)
  An orc (D:4)
  6 ball pythons
  3 endoplasms (D:1)
  3 giant cockroaches (D:1)
  14 goblins
  11 hobgoblins
  6 quokkas
  4 bats
  3 frilled lizards
  A kobold (D:3)
  5 rats
68 creatures vanquished.

Grand Total: 76 creatures vanquished

Notes
Turn   | Place    | Note
-------+----------+-------------------------------------------
     0 | D:1      | wormed the Gnoll Summoner began the quest for the Orb.
     0 | D:1      | Reached XP level 1. HP: 13/13 MP: 6/6
   174 | D:1      | Reached XP level 2. HP: 8/19 MP: 7/7
  1057 | D:1      | Reached skill level 5 in Spellcasting
  1057 | D:1      | Reached XP level 3. HP: 20/25 MP: 7/9
  1061 | D:1      | Learned a level 3 spell: Call Canine Familiar
  1281 | D:1      | Reached skill level 1 in Invocations
  1923 | D:2      | Reached skill level 1 in Fighting
  1923 | D:2      | Reached skill level 1 in Short Blades
  1923 | D:2      | Reached skill level 1 in Long Blades
  1923 | D:2      | Reached skill level 1 in Axes
  1923 | D:2      | Reached skill level 1 in Maces & Flails
  1923 | D:2      | Reached skill level 1 in Polearms
  1923 | D:2      | Reached skill level 1 in Staves
  1923 | D:2      | Reached skill level 1 in Ranged Weapons
  1923 | D:2      | Reached skill level 1 in Throwing
  1923 | D:2      | Reached skill level 1 in Armour
  1923 | D:2      | Reached skill level 1 in Shields
  1923 | D:2      | Reached skill level 1 in Unarmed Combat
  1923 | D:2      | Reached skill level 1 in Evocations
  1940 | D:2      | Noticed Robin
  1963 | D:2      | Reached XP level 4. HP: 13/32 MP: 3/11
  1999 | D:2      | Killed Robin
  2502 | D:2      | Reached skill level 1 in Conjurations
  2502 | D:2      | Reached skill level 1 in Hexes
  2502 | D:2      | Reached skill level 1 in Necromancy
  2502 | D:2      | Reached skill level 1 in Translocations
  2502 | D:2      | Reached skill level 1 in Transmutations
  2502 | D:2      | Reached skill level 1 in Fire Magic
  2502 | D:2      | Reached skill level 1 in Ice Magic
  2502 | D:2      | Reached skill level 1 in Air Magic
  2502 | D:2      | Reached skill level 1 in Earth Magic
  2502 | D:2      | Reached skill level 1 in Poison Magic
  3243 | D:3      | Noticed an ogre
  3270 | D:3      | Killed an ogre
  3271 | D:3      | Reached XP level 5. HP: 37/37 MP: 7/12
  3745 | D:3      | Noticed Jessica
  3761 | D:3      | Killed Jessica
  3788 | D:3      | Found a faded altar of an unknown god.
  3858 | D:3      | Noticed a water moccasin
  3883 | D:3      | Killed a water moccasin
  3884 | D:3      | Reached skill level 5 in Dodging
  3884 | D:3      | Reached XP level 6. HP: 41/44 MP: 3/14
  4186 | D:4      | Noticed Blork the orc
  4217 | D:4      | Killed Blork the orc
  4559 | D:4      | Noticed Dowan
  4568 | D:4      | Noticed Duvessa
  4875 | D:4      | Succumbed to Duvessa's poison

Illustrated notes

Levels and vault maps discovered:
D:1:      psy_arrival_whirlpool, layout_basic
D:2:      layout_loops_ring, minmay_liquid_box, uniq_robin
D:3:      layout_loops_cross, hellmonk_ecumenical_altar_zigzags, uniq_jessica
D:4:      layout_basic, nrook_loot_triangle, nicolae_shop_i_like_big_books,
          uniq_blork_the_orc, uniq_duvessa

Skill      XL: |  1  2  3  4  5 |
---------------+----------------+-----
Spellcasting   | 5 |  5.5
Invocations    | 1 2 |  2.5
Fighting       | 1 2 |  2.2
Short Blades   | 1 2 |  2.2
Long Blades    | 1 2 |  2.2
Axes           | 1 2 |  2.2
Maces & Flails | 1 2 |  2.2
Polearms       | 1 2 |  2.2
Staves         | 1 2 |  2.2
Ranged Weapons | 1 2 |  2.2
Throwing       | 1 2 |  2.2
Armour         | 1 2 |  2.2
Shields        | 1 2 |  2.2
Unarmed Combat | 1 2 |  2.2
Evocations     | 1 2 |  2.2
Conjurations   | 1 |  1.8
Hexes          | 1 |  1.8
Necromancy     | 1 |  1.8
Translocations | 1 |  1.8
Transmutations | 1 |  1.8
Fire Magic     | 1 |  1.8
Ice Magic      | 1 |  1.8
Air Magic      | 1 |  1.8
Earth Magic    | 1 |  1.8
Poison Magic   | 1 |  1.8
Dodging        | 5 |  5.1
Stealth        | |  4.8
Summonings     | |  7.3

Action                   |  1- 3 |  4- 6 || total
-------------------------+-------+-------++-------
Melee: Unarmed           |     2 |       ||     2
       Dagger            |    23 |    12 ||    35
       Bite              |     3 |       ||     3
       Spear             |       |    15 ||    15
 Cast: Summon Small Mamm |    22 |     3 ||    25
       Call Canine Famil |    12 |    40 ||    52
  Use: Potion            |       |     4 ||     4
 Stab: Distracted        |     1 |     1 ||     2
Armor: Robe              |    13 |     5 ||    18
       Leather armour    |       |     4 ||     4
Dodge: Dodged            |    32 |    33 ||    65
